Map: Catalyst LE

Players

PapaSchlumpf - Winner!

  • Race: Protoss Protoss
  • Spawn Location: 5:00

VOD

Have the link to the VOD?

Description

Time

  • Played on: May 4, 2018, 2:56 a.m.
  • Length: 16:20
Show
View Real Time Build Order
Export as new Build Order

PapaSchlumpf Protoss - Winner!

Build Orders:  

Get SALT Encoding   

  12  0:01  Probe (Chrono Boost)  
  13  0:13  Probe (Chrono Boost)  
  14  0:27  Pylon  
  14  0:30  Probe (Chrono Boost)  
  15  0:54  Probe (Chrono Boost), Gateway  
  17  1:11  Probe (Chrono Boost)  
  17  1:28  Probe (Chrono Boost)  
  18  1:45  Probe (Chrono Boost)  
  18  1:48  Nexus  
  19  1:57  Assimilator  
  19  2:02  Probe (Chrono Boost)  
  20  2:16  Cybernetics Core  
  20  2:35  Assimilator, Probe (Chrono Boost)  
  21  2:49  Forge  
  21  2:53  Probe (Chrono Boost)  
  21  2:57  Pylon  
  23  3:10  Probe (Chrono Boost)  
  23  3:29  Robotics Facility  
  25  3:35  Probe (Chrono Boost)  
  25  3:39  Probe (Chrono Boost)  
  28  3:52  Probe (Chrono Boost)  
  28  3:56  Probe (Chrono Boost)  
  29  4:00  Unknown  
  29  4:06  Probe (Chrono Boost)  
  29  4:09  Probe (Chrono Boost)  
  30  4:13  Assimilator  
  30  4:16  Assimilator  
  30  4:17  Probe (Chrono Boost)  
  31  4:20  Probe (Chrono Boost)  
  31  4:28  Probe (Chrono Boost)  
  33  4:31  Pylon  
  33  4:33  Probe (Chrono Boost)  
  33  4:34  Observer  
  36  4:46  Probe (Chrono Boost)  
  38  4:50  Probe (Chrono Boost)  
  38  4:59  Robotics Facility  
  38  5:03  Probe (Chrono Boost)  
  38  5:07  Probe (Chrono Boost)  
  41  5:20  Probe (Chrono Boost)  
  41  5:31  Nexus  
  41  5:33  Pylon  
  41  5:34  Pylon  
  41  5:47  Probe (Chrono Boost)  
  41  5:48  Probe (Chrono Boost)  
  45  6:11  Warp Prism  
  45  6:16  Robotics Bay  
  45  6:19  Unknown, Pylon  
  47  6:26  Probe (Chrono Boost)  
  47  6:27  Probe (Chrono Boost)  
  49  6:38  Protoss Ground Weapons Level 1  
  49  6:43  Probe x2 (Chrono Boost)  
  51  6:53  Gateway  
  51  6:56  Gateway  
  51  7:11  Probe x2 (Chrono Boost)  
  51  7:12  Probe (Chrono Boost)  
  54  7:22  Probe (Chrono Boost)  
  54  7:23  Probe x2 (Chrono Boost)  
  57  7:31  Forge  
  57  7:35  Probe x2 (Chrono Boost), Warp Gate  
  57  7:38  Forge  
  59  7:46  Colossus  
  59  7:49  Probe x2 (Chrono Boost)  
  48  7:50  Probe (Chrono Boost)  
  65  7:58  Extended Thermal Lance  
  68  8:00  Probe x2 (Chrono Boost)  
  68  8:01  Probe (Chrono Boost)  
  71  8:12  Colossus  
  71  8:13  Probe (Chrono Boost)  
  71  8:14  Probe x2 (Chrono Boost)  
  83  8:30  Probe x2 (Chrono Boost)  
  83  8:31  Probe (Chrono Boost)  
  83  8:45  Pylon  
  83  8:46  Stalker x3  
  83  8:48  Pylon  
  89  8:54  Pylon  
  89  9:01  Protoss Shields Level 1  
  89  9:02  Colossus  
  89  9:09  Assimilator  
  89  9:11  Assimilator  
  89  9:14  Probe x2 (Chrono Boost), Protoss Ground Armor Level 1  
  97  9:30  Twilight Council  
  97  9:39  Gateway  
  97  9:40  Gateway  
  97  9:44  Gateway  
  97  9:46  Gateway  
  97  9:56  Stalker  
  97  9:57  Stalker x2  
  103  10:18  Colossus  
  103  10:27  Colossus  
  115  10:31  Stalker  
  117  10:40  Pylon  
  117  10:43  Pylon  
  117  10:46  Pylon  
  117  10:48  Pylon  
  117  10:51  Pylon x2  
  117  10:53  Protoss Ground Weapons Level 2  
  117  10:55  Pylon  
  117  10:56  Pylon  
  117  10:59  Pylon  
  117  11:00  Pylon  
  117  11:23  Stalker  
  117  11:24  Stalker x2  
  117  11:25  Stalker x4  
  117  11:28  Colossus  
  137  11:45  Protoss Ground Armor Level 2  
  137  11:46  Protoss Shields Level 2  
  136  12:03  Charge  
  136  12:16  Stalker x2  
  136  12:17  Stalker x4, Pylon  
  136  12:18  Stalker  
  150  12:32  Colossus  
  150  12:45  Colossus  
  162  12:52  Stalker  
  162  12:53  Stalker x2  
  162  12:56  Zealot  
  162  12:57  Zealot x3  
  170  13:25  Zealot x4  
  170  13:26  Zealot x3  
  161  13:53  Zealot  
  161  13:54  Zealot x5  
  161  13:55  Zealot  
  165  14:23  Stalker  
  165  14:24  Stalker x4  
  165  14:25  Stalker x2  
  173  15:11  Stalker  
  173  15:12  Stalker x4  
  173  15:13  Stalker x2  
Tags
 
Add a new tag
Caveats
  • Supply blocks, unpowered buildings, or Contaminate may cause inaccurate times.
  • Supply counts are checked every 10 seconds.